 Dungeon Crawl Stone Soup version 0.18.1-48-g4cf74bf (webtiles) character file.

11 Gargoyl the Skirmisher (level 2, 21/24 HPs)
             Began as a Demonspawn Abyssal Knight on June 26, 2016.
             Was a Follower of Lugonu.
             Quit the game on level 1 of the Dungeon.
             The game lasted 00:01:42 (532 turns).

Gargoyl the Skirmisher (Demonspawn Abyssal Knight)   Turns: 532, Time: 00:01:43

Health: 21/24      AC:  3    Str: 12    XL:     2   Next: 13%
Magic:  4/4        EV: 11    Int: 13    God:    Lugonu [*.....]
Gold:   21         SH:  0    Dex: 12    Spells: 0 memorised, 1 level left

rFire  . . .     SeeInvis .     e - +0 greatsling
rCold  . . .     Gourm    .     b - +0 leather armour
rNeg   . . .     Faith    .     (no shield)
rPois  .         Spirit   +     (no helmet)
rElec  .         Dismiss  .     (no cloak)
rCorr  .         Reflect  .     (no gloves)
SustAt .         Harm     .     (no boots)
MR     .....                    (no amulet)
Stlth  +.........               (no ring)
                                (no ring)

@: not resistant to hostile enchantments, very unstealthy
A: magic shield
a: Depart the Abyss, Renounce Religion


You were on level 1 of the Dungeon.
You worshipped Lugonu.
Lugonu was aware of your devotion.
You were not hungry.

You visited 1 branch of the dungeon, and saw 1 of its levels.
You visited the Abyss 1 time.

You collected 21 gold pieces.

Inventory:

Hand Weapons
 a - a +1 hand axe
 e - a +0 greatsling (weapon)
Missiles
 g - 6 stones (quivered)
Armour
 b - a +0 leather armour (worn)
Scrolls
 h - a scroll of amnesia {unknown}
Potions
 d - 2 potions of beneficial mutation {unknown}
 f - a potion of lignification {unknown}
Comestibles
 c - 2 bread rations


   Skills:
 + Level 3.2 Fighting
 + Level 2.0 Axes
 + Level 0.1 Slings
 + Level 1.9 Armour
 + Level 0.8 Dodging
 + Level 2.7 Invocations


You had one spell level left.
You didn't know any spells.

Dungeon Overview and Level Annotations

Branches:
Dungeon (1/15)

Altars:


Innate Abilities, Weirdness & Mutations

When hurt, damage is shared between your health and your magic reserves.


Message History

Firing (i - inventory):
g - 7 stones (quivered)
Press: ? - help, Shift-Dir - straight line, f/p - kobold
Aim: a kobold, wielding a club You shoot a stone.
The stone hits the kobold!
You kill the kobold!
Lugonu accepts your kill.
Firing (i - inventory):
g - 6 stones (quivered)
Press: ? - help, Shift-Dir - straight line, f - you Really target yourself? [Y]es or [N]o only, please.
Really target yourself?
Uppercase [Y]es or [N]o only, please.
Really target yourself? [Y]es or [N]o only, please.
Really target yourself? [Y]es or [N]o only, please.
Really target yourself?
Okay, then.
Unknown command.
Are you sure you want to abandon this character and quit the game? (Confirm with "yes".) #.#......# ♣.PPPPP

##.#.#.#..# ♣......
#....#.#..#.# ♣♣♣♣♣♣♣ ..
#....#....#.# .. ..
#....#.#..#.##### ##
#.#..).#.#..#...... ..
#...(..#.#...# ##
##..)(..#.#...+
.......$.@#.#...# #####
......(...#.#...######....
...(...>..#.#.............
.......#.........)...#....
.......##########....#....
(....(( .............
...... ##........... ...
#........... #...........


There were no monsters in sight!

Vanquished Creatures
  A giant gecko (D:1)
  2 goblins (D:1)
  A hobgoblin (D:1)
  A bat (D:1)
  A giant newt (D:1)
  A kobold (D:1)
  4 rats (D:1)
11 creatures vanquished.

Notes
Turn   | Place    | Note
--------------------------------------------------------------
     0 | Abyss:1  | Gargoyl the Demonspawn Abyssal Knight began the quest for the Orb.
     0 | Abyss:1  | Reached XP level 1. HP: 18/18 MP: 2/2
    63 | Abyss:1  | Noticed a small abomination
    63 | Abyss:2  | Found a corrupted altar of Lugonu.
    66 | Abyss:2  | Noticed an insubstantial wisp
    66 | Abyss:2  | Noticed an insubstantial wisp
    68 | Abyss:2  | Noticed an insubstantial wisp
    68 | Abyss:2  | Noticed an insubstantial wisp
    68 | Abyss:2  | Noticed an insubstantial wisp
    96 | Abyss:3  | Noticed a blink frog
    96 | Abyss:3  | Noticed a blink frog
    96 | Abyss:3  | Noticed a blink frog
   109 | D:1      | Escaped the Abyss
   522 | D:1      | Gained mutation: When hurt, damage is shared between your health and your magic reserves. [demonic ancestry]
   522 | D:1      | Reached XP level 2. HP: 24/24 MP: 4/4
   527 | D:1      | Reached * piety under Lugonu
   532 | D:1      | Quit the game

Skill      XL: |  1  2 |
---------------+-------+-----
Axes           | 2 |  2.0
Fighting       | |  3.2
Slings         | |  0.1
Armour         | |  1.9
Dodging        | |  0.8
Invocations    | |  2.7

Action                   || total
-------------------------++-------
Melee: Hand axe          ||     8
 Fire: Greatsling        ||    19
Invok: Depart the Abyss  ||     1
Armor: Leather armour    ||     4
Dodge: Dodged            ||    14
